 Dungeon Crawl Stone Soup version 0.26-a0-466-g989023bd0d (webtiles) character file.

Game seed: 11837489138187414720

67 graki42 the Firebug (level 3, -3/19 HPs)
             Began as a Deep Elf Fire Elementalist on Aug 8, 2020.
             Slain by a worker ant (7 damage)
             ... on level 3 of the Dungeon.
             The game lasted 00:06:48 (1829 turns).

graki42 the Firebug (Deep Elf Fire Elementalist)    Turns: 1829, Time: 00:06:48

Health: -3/19      AC:  5    Str:  6    XL:     3   Next: 98%
Magic:  9/10       EV: 13    Int: 19    God:
Gold:   148        SH:  0    Dex: 15    Spells: 2/9 levels left

rFire    + . .     SeeInvis .   (no weapon)
rCold    x . .     Faith    .   (no shield)
rNeg     . . .     Spirit   .   a - +0 robe
rPois    .         Reflect  .   m - +0 helmet
rElec    .         Harm     .   (no cloak)
rCorr    .                      j - +0 pair of gloves
MR       +....                  f - +0 pair of boots
Stlth    ++........             h - amulet of magic regeneration
HPRegen  0.06/turn              e - ring of fire
MPRegen  0.37/turn              l - ring of protection from magic

@: lethally poisoned (-3 -> -14), very slightly contaminated
A: no striking features
a: no special abilities


You were on level 3 of the Dungeon.
You visited 1 branch of the dungeon, and saw 3 of its levels.

You collected 148 gold pieces.

Inventory:

Armour
 a - a +0 robe (worn)
 f - a +0 pair of boots (worn)
 j - a +0 pair of gloves (worn)
 m - a +0 helmet (worn)
Jewellery
 e - a ring of fire (left hand)
 h - an amulet of magic regeneration (around neck)
 l - a ring of protection from magic (right hand)
Scrolls
 b - a scroll of random uselessness {unknown}
 d - 3 scrolls of remove curse
 g - a scroll of identify
 k - a scroll of immolation {unknown}
Potions
 c - a potion of magic
 i - a potion of invisibility


   Skills:
 + Level 0.1 Fighting
 + Level 2.7 Dodging
 + Level 2.7 Stealth
 + Level 3.5 Spellcasting
 + Level 1.9 Conjurations
 + Level 4.4 Fire Magic


You had 2 spell levels left.
You knew the following spells:

 Your Spells              Type           Power        Failure   Level
a - Foxfire               Conj/Fire      ###.         3%          1
b - Conjure Flame         Conj/Fire      ###.....     12%         3
c - Inner Flame           Hex/Fire       ###.....     17%         3

Your spell library contained the following spells:

 Spells                   Type           Power        Failure   Level
 Sticky Flame             Conj/Fire      ###.....     36%         4
 Fireball                 Conj/Fire      ###.......   71%         5


Dungeon Overview and Level Annotations

Branches:
Dungeon (3/15)

Altars:
Xom


Message History

The foxfire hits the worker ant.
The worker ant is severely wounded.
The foxfire hits the worker ant.
The worker ant is severely wounded.
The worker ant bites you. x2
You are more poisoned.
The worker ant poisons you!
Okay, then.
You feel sick.
* * * LOW HITPOINT WARNING * * *
You feel sick.
You see here a golden potion.
* * * LOW HITPOINT WARNING * * *
You feel sick.
* * * LOW HITPOINT WARNING * * *
You feel sick. The worker ant barely misses you.
Casting: Foxfire (safe; 3% risk of failure)
Confirm with . or Enter, or press ? or * to list all spells.
You feel a surge of power!
You conjure some foxfire!
The worker ant bites you!
You die...

≈≈≈ ≈≈≈≈
#############
≈≈≈≈#####≈≈≈≈≈≈≈≈≈≈≈≈
≈≈≈≈≈≈≈≈≈≈≈≈≈≈≈≈≈≈≈≈≈
≈≈≈≈≈≈≈≈≈≈≈≈≈≈≈≈≈≈≈≈≈
≈.≈≈.≈.≈≈≈≈.≈≈≈≈≈≈.≈≈
.............v.......
...........!a@.......
##..####.....v..$....
..?......############
########.# #.# #.#
#<# #.# #.#


You could see a worker ant.

Vanquished Creatures
  3 adders (D:2)
  2 worms (D:2)
  3 leopard geckos
  A giant cockroach (D:2)
  3 jackals (D:1)
  6 bats
  5 goblins
  7 kobolds
  3 rats (D:2)
33 creatures vanquished.

Vanquished Creatures (others)
  88 foxfires
88 creatures vanquished.

Grand Total: 121 creatures vanquished

Notes
Turn   | Place    | Note
-------+----------+-------------------------------------------
     0 | D:1      | graki42 the Deep Elf Fire Elementalist began the quest for
                  | the Orb.
     0 | D:1      | Reached XP level 1. HP: 10/10 MP: 6/6
   583 | D:1      | Reached XP level 2. HP: 15/15 MP: 6/8
  1070 | D:2      | Reached skill level 4 in Fire Magic
  1106 | D:2      | Reached XP level 3. HP: 19/19 MP: 7/9
  1288 | D:2      | Learned a level 3 spell: Conjure Flame
  1292 | D:2      | Learned a level 3 spell: Inner Flame
  1298 | D:2      | Found a shimmering altar of Xom.
  1298 | D:2      | Found a shimmering altar of Xom.
  1306 | D:2      | Found a shimmering altar of Xom.
  1306 | D:2      | Found a shimmering altar of Xom.
  1308 | D:2      | Found a shimmering altar of Xom.
  1312 | D:2      | Found a shimmering altar of Xom.
  1829 | D:3      | Slain by a worker ant

Illustrated notes

Levels and vault maps discovered:
D:1:      co_arrival_hall_of_pillars, layout_basic, serial_bayou_pond_c
D:2:      layout_loops_ring, xom_redecorated
D:3:      minmay_goblin_kobold_castle, layout_rooms, uniq_jessica

Skill      XL: |  1  2 |
---------------+-------+-----
Fire Magic     | 4 |  4.4
Fighting       | |  0.1
Dodging        | |  2.7
Stealth        | |  2.7
Spellcasting   | |  3.5
Conjurations   | |  1.9

Action                   || total
-------------------------++-------
Melee: Dagger            ||     1
       Unarmed           ||     2
 Cast: Foxfire           ||    54
  Use: Potion            ||     2
       Scroll            ||     3
 Stab: Sleeping          ||     1
Armor: Robe              ||     7
Dodge: Dodged            ||    39

Table legend: (Time is in decaauts)
 A = Elapsed time spent in this place.
 B = Non-inter-level travel time spent in this place.
 C = Inter-level travel time spent in this place.
 D = Time resting spent in this place.
 E = Time spent auto-exploring this place.
 F = Levels seen in this place.
 G = Mean time per level.
                   A        B        C        D        E       F      G
               +--------+--------+--------+--------+--------+-----+--------+
         Total |   1841 |   1781 |     60 |      0 |   1413 |   3 |  613.7 |
       Dungeon |   1841 |   1781 |     60 |      0 |   1413 |   3 |  613.7 |
               +--------+--------+--------+--------+--------+-----+--------+

Top non-repeatable levels by time:
     D:1: 1029 daAuts
     D:2: 786 daAuts
     D:3: 25 daAuts
